Pittsburgh Penguins vs San Jose Sharks
Created - Thursday, June 22, 2023 at 07:04
Goals
|
| Pittsburgh Penguins |
0 |
1 |
3 |
4 |
| San Jose Sharks |
2 |
1 |
0 |
3 |
|
Shots
|
| Pittsburgh Penguins |
7 |
13 |
15 |
35 |
| San Jose Sharks |
15 |
12 |
6 |
33 |
|
1st period
1. San Jose Sharks , Oliver Bjorkstrand 43 (William Karlsson 45, Ryan Hartman 57) at 11:28 (PP)
2. San Jose Sharks , Tobias Bjornfot 1 (Oliver Bjorkstrand 47, William Karlsson 46) at 18:52
Penalties :
Ryan Suter (PIT) for Tripping (Minor) at 2:56, Chris Tanev (PIT) for Roughing (Minor) at 10:36
2nd period
3. San Jose Sharks , Tanner Pearson 20 (Andreas Athanasiou 19, Anthony DeAngelo 31) at 6:18
4. Pittsburgh Penguins , Reilly Smith 16 (Ryan Johansen 41, Pavel Buchnevich 35) at 8:52 (PP)
Penalties :
Mattias Ekholm (PIT) for Unsportsmanlike conduct (Minor) at 1:02, Anthony DeAngelo (SJS) for Holding Stick (Minor) at 8:15, Jacob Middleton (SJS) for High sticking (Minor) at 16:55
3rd period
5. Pittsburgh Penguins , Pavel Buchnevich 28 (Mattias Ekholm 16, Erik Karlsson 35) at 2:18
6. Pittsburgh Penguins , Ryan Johansen 44 (Pavel Buchnevich 36) at 4:58 (PP)
7. Pittsburgh Penguins , Jean-Gabriel Pageau 22 (Jordan Eberle 16) at 12:45
Penalties :
Michael Bunting (SJS) for Roughing (Double Minor) at 4:41, Leon Draisaitl (PIT) for Hooking (Minor) at 14:52
Goalie Stats
Mike Smith (PIT), 30 saves from 33 shots - (0.909), W, 15-14-3, 60:00 minutes
Marc-Andre Fleury (SJS), 31 saves from 35 shots - (0.886), L, 26-22-2, 60:00 minutes
Players Stats for Pittsburgh Penguins
Player Name G A P +/- PIM S H SB GA TA FO MP PP MP PK MP
------------------------------------------------------------------------------------
Anders Lee 0 0 0 1 0 2 2 0 0 0 1/2 11:59 0:00 0:52
Blake Coleman 0 0 0 -1 0 0 0 0 1 0 0/0 7:58 0:00 0:00
Chris Tanev 0 0 0 -1 2 0 1 1 1 1 0/0 19:58 2:50 2:49
Colton Sissons 0 0 0 -1 0 0 1 0 1 0 1/2 7:58 0:00 0:00
Erik Gudbranson 0 0 0 0 0 2 1 1 0 1 0/0 17:43 0:00 1:05
Erik Karlsson 0 1 1 1 0 1 0 0 0 1 0/0 23:35 2:02 3:33
Jean-Gabriel Pageau 1 0 1 1 0 4 1 0 0 0 3/5 11:28 0:00 0:24
Jimmy Vesey 0 0 0 -1 0 3 0 0 0 0 1/1 8:52 0:00 0:18
Jordan Eberle 0 1 1 1 0 5 2 1 0 0 0/2 10:55 0:00 0:00
Leon Draisaitl 0 0 0 0 2 2 2 3 0 0 22/30 20:21 2:37 2:10
Mattias Ekholm 0 1 1 1 2 1 2 1 0 0 0/0 22:24 2:02 2:23
Mitch Marner 0 0 0 0 0 1 0 0 2 0 0/0 20:56 2:37 3:08
Pavel Buchnevich 1 2 3 0 0 3 3 0 1 1 0/0 19:20 2:15 3:23
Reilly Smith 1 0 1 0 0 2 1 1 0 0 1/1 15:18 2:15 0:00
Ryan Johansen 1 1 2 0 0 6 2 0 0 0 9/15 15:18 2:15 0:00
Ryan Suter 0 0 0 -1 2 0 1 1 0 2 0/0 20:26 2:50 2:03
Sam Reinhart 0 0 0 0 0 3 1 0 0 0 0/0 20:54 2:37 3:23
T.J. Brodie 0 0 0 0 0 0 0 0 0 1 0/0 17:44 0:00 1:45
Players Stats for San Jose Sharks
Player Name G A P +/- PIM S H SB GA TA FO MP PP MP PK MP
------------------------------------------------------------------------------------
Alex Iafallo 0 0 0 -1 0 2 1 0 1 1 7/14 18:39 2:14 2:23
Andreas Athanasiou 0 1 1 1 0 2 0 0 1 0 2/8 12:05 0:00 0:00
Anthony DeAngelo 0 1 1 1 2 2 1 4 0 0 0/0 22:13 3:06 2:53
David Savard 0 0 0 1 0 1 2 2 0 0 0/0 22:26 3:06 2:53
Jacob Middleton 0 0 0 -1 2 2 2 0 0 0 0/0 21:22 3:43 1:23
Jesper Fast 0 0 0 0 0 0 0 1 0 0 0/0 6:46 0:00 0:00
Joel Edmundson 0 0 0 -1 0 0 0 0 0 2 0/0 22:18 3:43 1:59
Michael Bunting 0 0 0 -1 4 1 0 1 1 1 0/0 15:53 2:14 0:00
Mike Hoffman 0 0 0 1 0 0 0 0 2 0 0/2 13:14 0:04 0:00
Nick Paul 0 0 0 -1 0 0 2 0 0 0 0/1 15:53 2:14 0:00
Oliver Bjorkstrand 1 1 2 0 0 6 0 0 1 0 0/4 21:38 4:31 2:23
Rem Pitlick 0 0 0 0 0 0 0 0 0 0 1/3 6:43 0:00 0:00
Ryan Hartman 0 1 1 0 0 2 4 1 0 1 8/21 21:21 4:31 2:29
Slater Koekkoek 0 0 0 0 0 3 3 0 0 0 0/0 16:33 0:00 0:36
Sonny Milano 0 0 0 0 0 3 0 0 0 1 2/2 7:55 0:04 0:00
Tanner Pearson 1 0 1 1 0 1 5 0 0 0 0/3 13:17 0:04 0:00
Tobias Bjornfot 1 0 1 0 0 3 0 2 0 0 0/0 15:28 0:00 0:00
William Karlsson 0 2 2 0 0 5 0 1 1 0 0/0 21:21 4:31 2:29
3 Stars
1 - Pavel Buchnevich (PIT)
2 - Ryan Johansen (PIT)
3 - Tanner Pearson (SJS)
Power Play
Pittsburgh Penguins - 2 on 4 Attempt(s) - 50.00%
San Jose Sharks - 1 on 4 Attempt(s) - 25.00%
Penalty Kill
Pittsburgh Penguins - 3 on 4 Attempt(s) - 75.00%
- Score 0 goal in Penalty Kill
San Jose Sharks - 2 on 4 Attempt(s) - 50.00%
- Score 0 goal in Penalty Kill
Team Stat
Pittsburgh Penguins - Hits : 20 - Faceoff Wins : 38 - Blocked Shots : 9 - Penalty Minutes : 8
San Jose Sharks - Hits : 20 - Faceoff Wins : 20 - Blocked Shots : 12 - Penalty Minutes : 8
Official
Referees : Kyle Rehman and Dan O'Rourke
Linesman : Steve Barton and Darren Gibbs
Game Notes
No Game Note
Finance
Level 1 -- Attendance: 5655 (94.25%) -- Ticket Income $548,535
Level 2 -- Attendance: 4329 (86.58%) -- Ticket Income $246,753
Level 3 -- Attendance: 2740 (91.33%) -- Ticket Income $90,420
Level 4 -- Attendance: 4412 (88.24%) -- Ticket Income $97,064
Luxury Box -- Attendance: 861 (86.10%) -- Ticket Income $166,173
Game was played at the SAP Center at San Jose.
Total Attendance: 17997 (89.99%)
Total Ticket Income: $1,148,945
Other Income: $402,131
Total Income: $1,551,076
Pittsburgh Penguins
5 vs 5 Forward
Center Left Wing Right Wing Time % Phy DF OF
1 Leon Draisaitl Mitch Marner Sam Reinhart 30 1 2 2
2 Ryan Johansen Pavel Buchnevich Reilly Smith 30 1 2 2
3 Jean-Gabriel Pageau Anders Lee Jordan Eberle 25 1 2 2
4 Colton Sissons Blake Coleman Jimmy Vesey 15 1 2 2
5 vs 5 Defense
Defense Defense Time % Phy DF OF
1 Mattias Ekholm Erik Karlsson 35 1 2 2
2 Ryan Suter Chris Tanev 35 1 2 2
3 Erik Gudbranson T.J. Brodie 30 1 2 2
4 Mattias Ekholm Erik Karlsson 0 1 2 2
PowerPlay Forward
Center Left Wing Right Wing Time % Phy DF OF
1 Leon Draisaitl Mitch Marner Sam Reinhart 50 1 2 2
2 Ryan Johansen Pavel Buchnevich Reilly Smith 50 1 2 2
PowerPlay Defense
Defense Defense Time % Phy DF OF
1 Mattias Ekholm Erik Karlsson 50 1 2 2
2 Ryan Suter Chris Tanev 50 1 2 2
Penalty Kill 4 Players Forward
Center Wing Time % Phy DF OF
1 Leon Draisaitl Mitch Marner 50 1 2 2
2 Sam Reinhart Pavel Buchnevich 50 1 2 2
Penalty Kill 4 Players Defense
Defense Defense Time % Phy DF OF
1 Mattias Ekholm Erik Karlsson 50 1 2 2
2 Ryan Suter Chris Tanev 50 1 2 2
Penalty Kill - 3 Players Forward
Forward Time % Phy DF OF
1 Leon Draisaitl 50 1 2 2
2 Mitch Marner 50 1 2 2
Penalty Kill - 3 Players Defense
Defense Defense Time % Phy DF OF
1 Mattias Ekholm Erik Karlsson 50 1 2 2
2 Ryan Suter Chris Tanev 50 1 2 2
4 vs 4 Forward
Center Wing Time % Phy DF OF
1 Leon Draisaitl Mitch Marner 50 1 2 2
2 Sam Reinhart Pavel Buchnevich 50 1 2 2
4 vs 4 Defense
Defense Defense Time % Phy DF OF
1 Mattias Ekholm Erik Karlsson 50 1 2 2
2 Ryan Suter Chris Tanev 50 1 2 2
Last Minutes Offensive
Center Left Wing Right Wing Defense Defense
Leon Draisaitl Mitch Marner Sam Reinhart Mattias Ekholm Erik Karlsson
Last Minutes Defensive
Center Left Wing Right Wing Defense Defense
Leon Draisaitl Mitch Marner Sam Reinhart Mattias Ekholm Erik Karlsson
Goaltenders
Starting : Mike Smith
Backup : Lukas Dostal
Extra Forwards
Normal : Jean-Gabriel Pageau, Jordan Eberle, Anders Lee - PP : Jean-Gabriel Pageau, Jordan Eberle - PK : Anders Lee
Extra Defensemen
Normal : Erik Gudbranson, T.J. Brodie, Ryan Suter - PP : Erik Gudbranson - PK : T.J. Brodie, Ryan Suter
Penalty Shots
Leon Draisaitl, Mitch Marner, Sam Reinhart, Pavel Buchnevich, Ryan Johansen
San Jose Sharks
5 vs 5 Forward
Center Left Wing Right Wing Time % Phy DF OF
1 Ryan Hartman William Karlsson Oliver Bjorkstrand 30 1 2 2
2 Alex Iafallo Nick Paul Michael Bunting 30 1 2 2
3 Andreas Athanasiou Tanner Pearson Mike Hoffman 25 1 2 2
4 Rem Pitlick Sonny Milano Jesper Fast 15 1 2 2
5 vs 5 Defense
Defense Defense Time % Phy DF OF
1 David Savard Anthony DeAngelo 35 1 2 2
2 Joel Edmundson Jacob Middleton 35 1 2 2
3 Tobias Bjornfot Slater Koekkoek 30 1 2 2
4 David Savard Anthony DeAngelo 0 1 2 2
PowerPlay Forward
Center Left Wing Right Wing Time % Phy DF OF
1 Ryan Hartman William Karlsson Oliver Bjorkstrand 50 1 2 2
2 Alex Iafallo Nick Paul Michael Bunting 50 1 2 2
PowerPlay Defense
Defense Defense Time % Phy DF OF
1 David Savard Anthony DeAngelo 50 1 2 2
2 Joel Edmundson Jacob Middleton 50 1 2 2
Penalty Kill 4 Players Forward
Center Wing Time % Phy DF OF
1 Ryan Hartman William Karlsson 50 1 2 2
2 Oliver Bjorkstrand Alex Iafallo 50 1 2 2
Penalty Kill 4 Players Defense
Defense Defense Time % Phy DF OF
1 David Savard Anthony DeAngelo 50 1 2 2
2 Joel Edmundson Jacob Middleton 50 1 2 2
Penalty Kill - 3 Players Forward
Forward Time % Phy DF OF
1 Ryan Hartman 50 1 2 2
2 William Karlsson 50 1 2 2
Penalty Kill - 3 Players Defense
Defense Defense Time % Phy DF OF
1 David Savard Anthony DeAngelo 50 1 2 2
2 Joel Edmundson Jacob Middleton 50 1 2 2
4 vs 4 Forward
Center Wing Time % Phy DF OF
1 Ryan Hartman William Karlsson 50 1 2 2
2 Oliver Bjorkstrand Alex Iafallo 50 1 2 2
4 vs 4 Defense
Defense Defense Time % Phy DF OF
1 David Savard Anthony DeAngelo 50 1 2 2
2 Joel Edmundson Jacob Middleton 50 1 2 2
Last Minutes Offensive
Center Left Wing Right Wing Defense Defense
Ryan Hartman William Karlsson Oliver Bjorkstrand David Savard Anthony DeAngelo
Last Minutes Defensive
Center Left Wing Right Wing Defense Defense
Ryan Hartman William Karlsson Oliver Bjorkstrand David Savard Anthony DeAngelo
Goaltenders
Starting : Marc-Andre Fleury
Backup : Malcolm Subban
Extra Forwards
Normal : Sonny Milano, Tanner Pearson, Jesper Fast - PP : Sonny Milano, Tanner Pearson - PK : Jesper Fast
Extra Defensemen
Normal : Tobias Bjornfot, Slater Koekkoek, Joel Edmundson - PP : Tobias Bjornfot - PK : Slater Koekkoek, Joel Edmundson
Penalty Shots
Ryan Hartman, William Karlsson, Oliver Bjorkstrand, Alex Iafallo, Nick Paul
% Time on Ice - Pittsburgh Penguins
Lines # - Real PCT - Wanted PCT - Time Play
Normal Forward
1 - 31% - 30% - 14:24
2 - 30% - 30% - 14:03
3 - 23% - 25% - 10:43
4 - 17% - 15% - 7:58
Normal Defense
1 - 36% - 35% - 16:49
2 - 33% - 35% - 15:34
3 - 31% - 30% - 14:45
4 - 0% - 0% - 0:00
PP Forward
1 - 54% - 50% - 2:37
2 - 46% - 50% - 2:15
PP Defense
1 - 42% - 50% - 2:02
2 - 58% - 50% - 2:50
PK Forward
1 - 50% - 50% - 3:26
2 - 50% - 50% - 3:23
PK Defense
1 - 52% - 50% - 3:33
2 - 48% - 50% - 3:16
PK3 Forward
1 - 0% - 50%
2 - 0% - 50%
PK3 Defense
1 - 0% - 50%
2 - 0% - 50%
44 Forward
1 - 0% - 50%
2 - 0% - 50%
44 Defense
1 - 0% - 50%
2 - 0% - 50%
Last Minute Offensive - 0:00
Last Minute Defensive - 1:11
Total
Forward - 60:00
Defense - 60:00
|
% Time on Ice - San Jose Sharks
Lines # - Real PCT - Wanted PCT - Time Play
Normal Forward
1 - 30% - 30% - 14:12
2 - 30% - 30% - 14:05
3 - 26% - 25% - 12:05
4 - 14% - 15% - 6:43
Normal Defense
1 - 33% - 35% - 15:40
2 - 35% - 35% - 16:36
3 - 31% - 30% - 14:49
4 - 0% - 0% - 0:00
PP Forward
1 - 67% - 50% - 4:35
2 - 33% - 50% - 2:14
PP Defense
1 - 45% - 50% - 3:06
2 - 55% - 50% - 3:43
PK Forward
1 - 51% - 50% - 2:29
2 - 49% - 50% - 2:23
PK Defense
1 - 59% - 50% - 2:53
2 - 41% - 50% - 1:59
PK3 Forward
1 - 0% - 50%
2 - 0% - 50%
PK3 Defense
1 - 0% - 50%
2 - 0% - 50%
44 Forward
1 - 0% - 50%
2 - 0% - 50%
44 Defense
1 - 0% - 50%
2 - 0% - 50%
Last Minute Offensive - 1:14
Last Minute Defensive - 0:00
Total
Forward - 60:00
Defense - 60:00
|
Play-by-Play
1st period
0:01 of 1st period - Leon Draisaitl wins face-off versus Ryan Hartman in neutral zone.
0:30 of 1st period - Erik Karlsson is hit by Alex Iafallo.
0:56 of 1st period - Wrist shot by Anders Lee.
0:56 of 1st period - Stopped by Marc-Andre Fleury without a rebound.
0:57 of 1st period - Jimmy Vesey wins face-off versus Rem Pitlick in San Jose Sharks zone.
1:57 of 1st period - Icing by T.J. Brodie.
1:58 of 1st period - Ryan Hartman wins face-off versus Ryan Johansen in Pittsburgh Penguins zone.
1:59 of 1st period - Snap shot by Oliver Bjorkstrand.
1:59 of 1st period - Shot Blocked by Erik Gudbranson.
2:01 of 1st period - Snap shot by William Karlsson.
2:01 of 1st period - Stopped by Mike Smith with a rebound.
2:03 of 1st period - Slapshot by Jacob Middleton.
2:03 of 1st period - Deflect By William Karlsson.
2:03 of 1st period - Stopped by Mike Smith with a rebound.
2:17 of 1st period - Ryan Hartman is hit by Reilly Smith and loses puck.
2:38 of 1st period - Snap shot by Anders Lee.
2:38 of 1st period - Stopped by Marc-Andre Fleury without a rebound.
2:39 of 1st period - Rem Pitlick wins face-off versus Jean-Gabriel Pageau in San Jose Sharks zone.
2:44 of 1st period - Snap shot by Sonny Milano.
2:44 of 1st period - Shot Misses the Net.
2:52 of 1st period - Slapshot by Sonny Milano.
2:52 of 1st period - Stopped by Mike Smith without a rebound.
2:53 of 1st period - Leon Draisaitl wins face-off versus Andreas Athanasiou in Pittsburgh Penguins zone.
2:53 of 1st period - Leon Draisaitl is hit by Slater Koekkoek.
2:56 of 1st period - Minor Penalty to Ryan Suter for Tripping.
2:57 of 1st period - Leon Draisaitl wins face-off versus Ryan Hartman in Pittsburgh Penguins zone.
4:07 of 1st period - T.J. Brodie is hit by Ryan Hartman and loses puck.
4:56 of 1st period - Penalty to Ryan Suter is over, Ryan Suter is back on ice.
4:58 of 1st period - Mitch Marner is hit by Tanner Pearson and loses puck.
5:39 of 1st period - Leon Draisaitl is hit by Tanner Pearson and loses puck.
5:48 of 1st period - Snap shot by Sonny Milano.
5:48 of 1st period - Stopped by Mike Smith with a rebound.
5:50 of 1st period - Slapshot by Slater Koekkoek.
5:50 of 1st period - Stopped by Mike Smith with a rebound.
5:52 of 1st period - Slapshot by Tobias Bjornfot.
5:52 of 1st period - Stopped by Mike Smith with a rebound.
5:54 of 1st period - Slapshot by Slater Koekkoek.
5:54 of 1st period - Deflect By Mitch Marner.
5:54 of 1st period - Stopped by Mike Smith with a rebound.
5:56 of 1st period - Slapshot by Slater Koekkoek.
5:56 of 1st period - Stopped by Mike Smith with a rebound.
5:58 of 1st period - Wrist shot by Mike Hoffman.
5:58 of 1st period - Shot Misses the Net.
6:00 of 1st period - Slapshot by Tobias Bjornfot.
6:00 of 1st period - Stopped by Mike Smith without a rebound.
6:01 of 1st period - Anders Lee wins face-off versus Alex Iafallo in Pittsburgh Penguins zone.
6:16 of 1st period - Wrist shot by Jordan Eberle.
6:16 of 1st period - Shot Misses the Net.
7:05 of 1st period - Backhand shot by Alex Iafallo.
7:05 of 1st period - Stopped by Mike Smith without a rebound.
7:06 of 1st period - Ryan Hartman wins face-off versus Jordan Eberle in Pittsburgh Penguins zone.
7:33 of 1st period - Joel Edmundson is hit by Colton Sissons.
7:53 of 1st period - Anthony DeAngelo is hit by Pavel Buchnevich and loses puck.
8:27 of 1st period - Slapshot by Mike Hoffman.
8:27 of 1st period - Shot Misses the Net.
8:43 of 1st period - Slater Koekkoek is hit by Sam Reinhart and loses puck.
8:54 of 1st period - Slapshot by Oliver Bjorkstrand.
8:54 of 1st period - Stopped by Mike Smith without a rebound.
8:55 of 1st period - Alex Iafallo wins face-off versus Ryan Johansen in Pittsburgh Penguins zone.
9:04 of 1st period - Wrist shot by Michael Bunting.
9:04 of 1st period - Stopped by Mike Smith without a rebound.
9:05 of 1st period - Leon Draisaitl wins face-off versus Andreas Athanasiou in Pittsburgh Penguins zone.
9:14 of 1st period - Sam Reinhart is hit by Tanner Pearson and loses puck.
10:36 of 1st period - Minor Penalty to Chris Tanev for Roughing.
10:37 of 1st period - Ryan Hartman wins face-off versus Leon Draisaitl in Pittsburgh Penguins zone.
11:28 of 1st period - Snap shot by Oliver Bjorkstrand.
11:28 of 1st period - Goal by Oliver Bjorkstrand - Pittsburgh Penguins : 0 - San Jose Sharks : 1.
11:29 of 1st period - Ryan Johansen wins face-off versus Tanner Pearson in neutral zone.
11:32 of 1st period - Andreas Athanasiou is hit by Mattias Ekholm and loses puck.
12:29 of 1st period - Wrist shot by Anders Lee.
12:29 of 1st period - Shot Misses the Net.
12:57 of 1st period - Slapshot by Reilly Smith.
12:57 of 1st period - Shot Misses the Net.
13:08 of 1st period - Icing by Leon Draisaitl.
13:09 of 1st period - Andreas Athanasiou wins face-off versus Colton Sissons in Pittsburgh Penguins zone.
13:24 of 1st period - Slapshot by Jimmy Vesey.
13:24 of 1st period - Stopped by Marc-Andre Fleury with a rebound.
13:36 of 1st period - Chris Tanev is hit by Jacob Middleton and loses puck.
14:08 of 1st period - Snap shot by Ryan Hartman.
14:08 of 1st period - Shot Blocked by Chris Tanev.
14:11 of 1st period - Icing by Ryan Suter.
14:12 of 1st period - Leon Draisaitl wins face-off versus Mike Hoffman in Pittsburgh Penguins zone.
15:23 of 1st period - Snap shot by Alex Iafallo.
15:23 of 1st period - Shot Misses the Net.
15:25 of 1st period - Snap shot by Rem Pitlick.
15:25 of 1st period - Deflect By Jesper Fast.
15:25 of 1st period - Shot Misses the Net.
15:25 of 1st period - Puck is out of play.
15:26 of 1st period - Colton Sissons wins face-off versus Rem Pitlick in Pittsburgh Penguins zone.
16:03 of 1st period - Slapshot by Erik Karlsson.
16:03 of 1st period - Shot Blocked by Tobias Bjornfot.
16:05 of 1st period - Snap shot by Jimmy Vesey.
16:05 of 1st period - Stopped by Marc-Andre Fleury without a rebound.
16:06 of 1st period - Ryan Johansen wins face-off versus Andreas Athanasiou in San Jose Sharks zone.
17:00 of 1st period - T.J. Brodie is hit by Nick Paul and loses puck.
17:07 of 1st period - Ryan Suter is hit by Nick Paul and loses puck.
17:24 of 1st period - Snap shot by Ryan Johansen.
17:24 of 1st period - Stopped by Marc-Andre Fleury with a rebound.
17:26 of 1st period - Slapshot by Erik Gudbranson.
17:26 of 1st period - Stopped by Marc-Andre Fleury without a rebound.
17:27 of 1st period - Ryan Johansen wins face-off versus Ryan Hartman in San Jose Sharks zone.
17:34 of 1st period - Snap shot by Ryan Johansen.
17:34 of 1st period - Shot Blocked by David Savard.
17:36 of 1st period - Slapshot by T.J. Brodie.
17:36 of 1st period - Shot Misses the Net.
17:38 of 1st period - Wrist shot by Reilly Smith.
17:38 of 1st period - Shot Blocked by Anthony DeAngelo.
17:40 of 1st period - Slapshot by Erik Gudbranson.
17:40 of 1st period - Stopped by Marc-Andre Fleury without a rebound.
17:41 of 1st period - Jean-Gabriel Pageau wins face-off versus Andreas Athanasiou in San Jose Sharks zone.
17:44 of 1st period - Snap shot by Anders Lee.
17:44 of 1st period - Shot Misses the Net.
18:08 of 1st period - Mitch Marner is hit by David Savard and loses puck.
18:15 of 1st period - Wrist shot by Alex Iafallo.
18:15 of 1st period - Shot Misses the Net.
18:50 of 1st period - Wrist shot by Oliver Bjorkstrand.
18:50 of 1st period - Stopped by Mike Smith with a rebound.
18:52 of 1st period - Slapshot by Tobias Bjornfot.
18:52 of 1st period - Goal by Tobias Bjornfot - Pittsburgh Penguins : 0 - San Jose Sharks : 2.
18:53 of 1st period - Ryan Johansen wins face-off versus Mike Hoffman in neutral zone.
Goals for this period are 0 for Pittsburgh Penguins vs 2 for San Jose Sharks.
Shots for this period are 7 for Pittsburgh Penguins vs 15 for San Jose Sharks.
2nd period
0:01 of 2nd period - Leon Draisaitl wins face-off versus Andreas Athanasiou in neutral zone.
1:02 of 2nd period - Minor Penalty to Mattias Ekholm for Unsportsmanlike conduct.
1:03 of 2nd period - Leon Draisaitl wins face-off versus Alex Iafallo in Pittsburgh Penguins zone.
1:19 of 2nd period - Slapshot by Alex Iafallo.
1:19 of 2nd period - Stopped by Mike Smith without a rebound.
1:20 of 2nd period - Leon Draisaitl wins face-off versus Ryan Hartman in Pittsburgh Penguins zone.
1:54 of 2nd period - Pavel Buchnevich is hit by Ryan Hartman and loses puck.
3:02 of 2nd period - Penalty to Mattias Ekholm is over, Mattias Ekholm is back on ice.
3:05 of 2nd period - Slapshot by William Karlsson.
3:05 of 2nd period - Shot Misses the Net.
3:07 of 2nd period - Backhand shot by William Karlsson.
3:07 of 2nd period - Stopped by Mike Smith with a rebound.
3:39 of 2nd period - Snap shot by William Karlsson.
3:39 of 2nd period - Shot Misses the Net.
3:41 of 2nd period - Slapshot by Jacob Middleton.
3:41 of 2nd period - Stopped by Mike Smith with a rebound.
3:43 of 2nd period - Wrist shot by William Karlsson.
3:43 of 2nd period - Stopped by Mike Smith with a rebound.
3:47 of 2nd period - Wrist shot by Oliver Bjorkstrand.
3:47 of 2nd period - Stopped by Mike Smith with a rebound.
3:49 of 2nd period - Slapshot by Jacob Middleton.
3:49 of 2nd period - Deflect By Pavel Buchnevich.
3:49 of 2nd period - Stopped by Mike Smith without a rebound.
3:50 of 2nd period - Jean-Gabriel Pageau wins face-off versus Alex Iafallo in Pittsburgh Penguins zone.
3:57 of 2nd period - Slapshot by Jordan Eberle.
3:57 of 2nd period - Stopped by Marc-Andre Fleury without a rebound.
3:58 of 2nd period - Alex Iafallo wins face-off versus Jordan Eberle in San Jose Sharks zone.
4:48 of 2nd period - Slapshot by Chris Tanev.
4:48 of 2nd period - Deflect By Anders Lee.
4:48 of 2nd period - Shot Blocked by Jesper Fast.
4:48 of 2nd period - Puck is out of play.
4:49 of 2nd period - Sonny Milano wins face-off versus Jean-Gabriel Pageau in San Jose Sharks zone.
4:56 of 2nd period - Slapshot by Jesper Fast.
4:56 of 2nd period - Shot Misses the Net.
6:02 of 2nd period - Slapshot by Jean-Gabriel Pageau.
6:02 of 2nd period - Stopped by Marc-Andre Fleury with a rebound.
6:12 of 2nd period - Snap shot by Andreas Athanasiou.
6:12 of 2nd period - Stopped by Mike Smith with a rebound.
6:14 of 2nd period - Slapshot by Andreas Athanasiou.
6:14 of 2nd period - Stopped by Mike Smith with a rebound.
6:16 of 2nd period - Wrist shot by Andreas Athanasiou.
6:16 of 2nd period - Shot Blocked by Ryan Suter.
6:18 of 2nd period - Snap shot by Tanner Pearson.
6:18 of 2nd period - Goal by Tanner Pearson - Pittsburgh Penguins : 0 - San Jose Sharks : 3.
6:19 of 2nd period - Alex Iafallo wins face-off versus Leon Draisaitl in neutral zone.
6:22 of 2nd period - Snap shot by Michael Bunting.
6:22 of 2nd period - Shot Misses the Net.
6:52 of 2nd period - Reilly Smith is hit by Jacob Middleton and loses puck.
7:12 of 2nd period - Wrist shot by Jean-Gabriel Pageau.
7:12 of 2nd period - Deflect By Jordan Eberle.
7:12 of 2nd period - Stopped by Marc-Andre Fleury with a rebound.
7:14 of 2nd period - Snap shot by Jean-Gabriel Pageau.
7:14 of 2nd period - Stopped by Marc-Andre Fleury without a rebound.
7:15 of 2nd period - Leon Draisaitl wins face-off versus Ryan Hartman in San Jose Sharks zone.
7:16 of 2nd period - Wrist shot by Sam Reinhart.
7:16 of 2nd period - Shot Misses the Net.
7:18 of 2nd period - Snap shot by Sam Reinhart.
7:18 of 2nd period - Stopped by Marc-Andre Fleury with a rebound.
7:20 of 2nd period - Snap shot by Mitch Marner.
7:20 of 2nd period - Shot Blocked by William Karlsson.
8:15 of 2nd period - Minor Penalty to Anthony DeAngelo for Holding Stick.
8:16 of 2nd period - Leon Draisaitl wins face-off versus Ryan Hartman in San Jose Sharks zone.
8:43 of 2nd period - Ryan Hartman is hit by Ryan Johansen and loses puck.
8:50 of 2nd period - Snap shot by Ryan Johansen.
8:50 of 2nd period - Stopped by Marc-Andre Fleury with a rebound.
8:52 of 2nd period - Slapshot by Reilly Smith.
8:52 of 2nd period - Goal by Reilly Smith - Pittsburgh Penguins : 1 - San Jose Sharks : 3.
8:53 of 2nd period - Leon Draisaitl wins face-off versus Alex Iafallo in neutral zone.
9:07 of 2nd period - Snap shot by Mattias Ekholm.
9:07 of 2nd period - Stopped by Marc-Andre Fleury with a rebound.
9:19 of 2nd period - Pavel Buchnevich is hit by Slater Koekkoek and loses puck.
9:44 of 2nd period - Off-side.
9:45 of 2nd period - Jean-Gabriel Pageau wins face-off versus Tanner Pearson in neutral zone.
9:58 of 2nd period - Wrist shot by Mike Hoffman.
9:58 of 2nd period - Deflect By Andreas Athanasiou.
9:58 of 2nd period - Shot Blocked by Jordan Eberle.
9:58 of 2nd period - Puck is out of play.
9:59 of 2nd period - Ryan Hartman wins face-off versus Leon Draisaitl in Pittsburgh Penguins zone.
10:00 of 2nd period - Wrist shot by William Karlsson.
10:00 of 2nd period - Stopped by Mike Smith without a rebound.
10:01 of 2nd period - Ryan Hartman wins face-off versus Leon Draisaitl in Pittsburgh Penguins zone.
10:38 of 2nd period - Slapshot by Ryan Johansen.
10:38 of 2nd period - Shot Blocked by Anthony DeAngelo.
11:05 of 2nd period - Tobias Bjornfot is hit by Anders Lee.
12:10 of 2nd period - Snap shot by Jordan Eberle.
12:10 of 2nd period - Shot Misses the Net.
12:12 of 2nd period - Slapshot by Jordan Eberle.
12:12 of 2nd period - Deflect By Alex Iafallo.
12:12 of 2nd period - Stopped by Marc-Andre Fleury with a rebound.
12:29 of 2nd period - Andreas Athanasiou is hit by Ryan Johansen and loses puck.
12:48 of 2nd period - Snap shot by Jimmy Vesey.
12:48 of 2nd period - Stopped by Marc-Andre Fleury with a rebound.
12:50 of 2nd period - Wrist shot by Jimmy Vesey.
12:50 of 2nd period - Shot Misses the Net.
12:52 of 2nd period - Slapshot by Blake Coleman.
12:52 of 2nd period - Shot Misses the Net.
12:54 of 2nd period - Slapshot by Ryan Suter.
12:54 of 2nd period - Shot Blocked by Anthony DeAngelo.
13:30 of 2nd period - Michael Bunting is hit by Jordan Eberle.
13:49 of 2nd period - Off-side.
13:50 of 2nd period - Reilly Smith wins face-off versus Tanner Pearson in neutral zone.
13:57 of 2nd period - Snap shot by Pavel Buchnevich.
13:57 of 2nd period - Stopped by Marc-Andre Fleury with a rebound.
14:05 of 2nd period - Wrist shot by Ryan Johansen.
14:05 of 2nd period - Stopped by Marc-Andre Fleury with a rebound.
14:11 of 2nd period - Ryan Johansen is hit by Tanner Pearson and loses puck.
14:48 of 2nd period - Slapshot by Pavel Buchnevich.
14:48 of 2nd period - Deflect By Ryan Johansen.
14:48 of 2nd period - Shot Misses the Net.
14:48 of 2nd period - Puck is out of play.
14:49 of 2nd period - Leon Draisaitl wins face-off versus Ryan Hartman in San Jose Sharks zone.
15:02 of 2nd period - Wrist shot by Oliver Bjorkstrand.
15:02 of 2nd period - Stopped by Mike Smith without a rebound.
15:03 of 2nd period - Leon Draisaitl wins face-off versus Nick Paul in Pittsburgh Penguins zone.
15:30 of 2nd period - Jean-Gabriel Pageau is hit by Ryan Hartman and loses puck.
16:46 of 2nd period - Snap shot by Ryan Hartman.
16:46 of 2nd period - Shot Blocked by Reilly Smith.
16:48 of 2nd period - Snap shot by Ryan Hartman.
16:48 of 2nd period - Stopped by Mike Smith without a rebound.
16:49 of 2nd period - Leon Draisaitl wins face-off versus Alex Iafallo in Pittsburgh Penguins zone.
16:55 of 2nd period - Minor Penalty to Jacob Middleton for High sticking.
16:56 of 2nd period - Ryan Johansen wins face-off versus Oliver Bjorkstrand in San Jose Sharks zone.
17:09 of 2nd period - Wrist shot by Ryan Johansen.
17:09 of 2nd period - Shot Misses the Net.
17:17 of 2nd period - Sam Reinhart is hit by Anthony DeAngelo and loses puck.
17:40 of 2nd period - Icing by Ryan Suter.
17:41 of 2nd period - Leon Draisaitl wins face-off versus Ryan Hartman in Pittsburgh Penguins zone.
18:55 of 2nd period - Penalty to Jacob Middleton is over, Jacob Middleton is back on ice.
19:05 of 2nd period - Jacob Middleton is hit by Jean-Gabriel Pageau and loses puck.
19:10 of 2nd period - Wrist shot by Jordan Eberle.
19:10 of 2nd period - Stopped by Marc-Andre Fleury with a rebound.
Goals for this period are 1 for Pittsburgh Penguins vs 1 for San Jose Sharks.
Shots for this period are 13 for Pittsburgh Penguins vs 12 for San Jose Sharks.
3rd period
0:01 of 3rd period - Leon Draisaitl wins face-off versus Ryan Hartman in neutral zone.
0:04 of 3rd period - Slapshot by Ryan Suter.
0:04 of 3rd period - Shot Blocked by Ryan Hartman.
0:59 of 3rd period - Snap shot by Sonny Milano.
0:59 of 3rd period - Stopped by Mike Smith without a rebound.
1:00 of 3rd period - Ryan Hartman wins face-off versus Leon Draisaitl in Pittsburgh Penguins zone.
1:29 of 3rd period - Snap shot by Ryan Johansen.
1:29 of 3rd period - Stopped by Marc-Andre Fleury without a rebound.
1:30 of 3rd period - Ryan Johansen wins face-off versus Alex Iafallo in San Jose Sharks zone.
1:31 of 3rd period - Wrist shot by Pavel Buchnevich.
1:31 of 3rd period - Shot Blocked by Tobias Bjornfot.
1:33 of 3rd period - Snap shot by Reilly Smith.
1:33 of 3rd period - Shot Misses the Net.
1:37 of 3rd period - Slapshot by Pavel Buchnevich.
1:37 of 3rd period - Shot Misses the Net.
1:39 of 3rd period - Snap shot by Ryan Johansen.
1:39 of 3rd period - Stopped by Marc-Andre Fleury without a rebound.
1:40 of 3rd period - Leon Draisaitl wins face-off versus Ryan Hartman in San Jose Sharks zone.
1:41 of 3rd period - Wrist shot by Mitch Marner.
1:41 of 3rd period - Shot Misses the Net.
1:55 of 3rd period - Snap shot by William Karlsson.
1:55 of 3rd period - Shot Misses the Net.
2:16 of 3rd period - Slapshot by Erik Karlsson.
2:16 of 3rd period - Shot Misses the Net.
2:18 of 3rd period - Slapshot by Mattias Ekholm.
2:18 of 3rd period - Deflect By Pavel Buchnevich.
2:18 of 3rd period - Goal by Pavel Buchnevich - Pittsburgh Penguins : 2 - San Jose Sharks : 3.
2:19 of 3rd period - Leon Draisaitl wins face-off versus Ryan Hartman in neutral zone.
2:54 of 3rd period - Wrist shot by Jean-Gabriel Pageau.
2:54 of 3rd period - Shot Blocked by Michael Bunting.
2:56 of 3rd period - Snap shot by Jean-Gabriel Pageau.
2:56 of 3rd period - Stopped by Marc-Andre Fleury with a rebound.
3:26 of 3rd period - Tanner Pearson is hit by Leon Draisaitl and loses puck.
3:53 of 3rd period - Joel Edmundson is hit by Erik Gudbranson and loses puck.
4:09 of 3rd period - Ryan Hartman is hit by Anders Lee.
4:35 of 3rd period - Anthony DeAngelo is hit by Mattias Ekholm and loses puck.
4:41 of 3rd period - Double Minor Penalty to Michael Bunting for Roughing.
4:42 of 3rd period - Ryan Johansen wins face-off versus Oliver Bjorkstrand in San Jose Sharks zone.
4:58 of 3rd period - Wrist shot by Ryan Johansen.
4:58 of 3rd period - Goal by Ryan Johansen - Pittsburgh Penguins : 3 - San Jose Sharks : 3.
4:59 of 3rd period - Leon Draisaitl wins face-off versus Oliver Bjorkstrand in neutral zone.
5:10 of 3rd period - Snap shot by Sam Reinhart.
5:10 of 3rd period - Deflect By Leon Draisaitl.
5:10 of 3rd period - Shot Blocked by Anthony DeAngelo.
5:10 of 3rd period - Puck is out of play.
5:11 of 3rd period - Leon Draisaitl wins face-off versus Oliver Bjorkstrand in San Jose Sharks zone.
5:28 of 3rd period - Wrist shot by Leon Draisaitl.
5:28 of 3rd period - Stopped by Marc-Andre Fleury without a rebound.
5:29 of 3rd period - Ryan Hartman wins face-off versus Ryan Johansen in San Jose Sharks zone.
5:59 of 3rd period - Oliver Bjorkstrand is hit by Ryan Suter and loses puck.
6:58 of 3rd period - Penalty to Michael Bunting is over, Michael Bunting is back on ice.
8:16 of 3rd period - Jean-Gabriel Pageau is hit by Tanner Pearson and loses puck.
8:35 of 3rd period - Off-side.
8:36 of 3rd period - Ryan Hartman wins face-off versus Leon Draisaitl in neutral zone.
8:49 of 3rd period - Slapshot by Oliver Bjorkstrand.
8:49 of 3rd period - Stopped by Mike Smith with a rebound.
8:51 of 3rd period - Slapshot by Anthony DeAngelo.
8:51 of 3rd period - Stopped by Mike Smith with a rebound.
8:53 of 3rd period - Slapshot by Anthony DeAngelo.
8:53 of 3rd period - Shot Blocked by Leon Draisaitl.
8:55 of 3rd period - Slapshot by Anthony DeAngelo.
8:55 of 3rd period - Shot Blocked by Mattias Ekholm.
9:15 of 3rd period - Wrist shot by Sam Reinhart.
9:15 of 3rd period - Stopped by Marc-Andre Fleury with a rebound.
9:26 of 3rd period - Oliver Bjorkstrand is hit by Chris Tanev.
9:46 of 3rd period - Wrist shot by Mitch Marner.
9:46 of 3rd period - Shot Misses the Net.
9:48 of 3rd period - Slapshot by Erik Gudbranson.
9:48 of 3rd period - Shot Misses the Net.
9:50 of 3rd period - Snap shot by Leon Draisaitl.
9:50 of 3rd period - Shot Misses the Net.
9:52 of 3rd period - Snap shot by Mitch Marner.
9:52 of 3rd period - Stopped by Marc-Andre Fleury with a rebound.
10:02 of 3rd period - Ryan Hartman is hit by Leon Draisaitl and loses puck.
10:30 of 3rd period - Wrist shot by Anthony DeAngelo.
10:30 of 3rd period - Shot Misses the Net.
10:38 of 3rd period - Snap shot by Oliver Bjorkstrand.
10:38 of 3rd period - Shot Misses the Net.
10:44 of 3rd period - Slapshot by Ryan Hartman.
10:44 of 3rd period - Shot Blocked by Leon Draisaitl.
10:46 of 3rd period - Snap shot by Ryan Hartman.
10:46 of 3rd period - Stopped by Mike Smith without a rebound.
10:47 of 3rd period - Ryan Johansen wins face-off versus Alex Iafallo in Pittsburgh Penguins zone.
11:18 of 3rd period - Slapshot by Anders Lee.
11:18 of 3rd period - Shot Misses the Net.
11:20 of 3rd period - Snap shot by Jordan Eberle.
11:20 of 3rd period - Stopped by Marc-Andre Fleury without a rebound.
11:21 of 3rd period - Andreas Athanasiou wins face-off versus Ryan Johansen in San Jose Sharks zone.
11:53 of 3rd period - Slapshot by Erik Karlsson.
11:53 of 3rd period - Stopped by Marc-Andre Fleury without a rebound.
11:54 of 3rd period - Alex Iafallo wins face-off versus Ryan Johansen in San Jose Sharks zone.
12:28 of 3rd period - Erik Karlsson is hit by Slater Koekkoek and loses puck.
12:45 of 3rd period - Wrist shot by Jean-Gabriel Pageau.
12:45 of 3rd period - Goal by Jean-Gabriel Pageau - Pittsburgh Penguins : 4 - San Jose Sharks : 3.
12:46 of 3rd period - Sonny Milano wins face-off versus Ryan Johansen in neutral zone.
13:02 of 3rd period - Jesper Fast is hit by Pavel Buchnevich and loses puck.
13:13 of 3rd period - Anthony DeAngelo is hit by Jordan Eberle and loses puck.
13:36 of 3rd period - Wrist shot by Oliver Bjorkstrand.
13:36 of 3rd period - Shot Misses the Net.
13:38 of 3rd period - Wrist shot by William Karlsson.
13:38 of 3rd period - Shot Blocked by Leon Draisaitl.
14:02 of 3rd period - Slapshot by Anthony DeAngelo.
14:02 of 3rd period - Stopped by Mike Smith without a rebound.
14:03 of 3rd period - Ryan Johansen wins face-off versus Andreas Athanasiou in Pittsburgh Penguins zone.
14:14 of 3rd period - Wrist shot by Reilly Smith.
14:14 of 3rd period - Stopped by Marc-Andre Fleury with a rebound.
14:16 of 3rd period - Snap shot by Pavel Buchnevich.
14:16 of 3rd period - Stopped by Marc-Andre Fleury with a rebound.
14:27 of 3rd period - Off-side.
14:28 of 3rd period - Alex Iafallo wins face-off versus Leon Draisaitl in neutral zone.
14:30 of 3rd period - Off-side.
14:31 of 3rd period - Alex Iafallo wins face-off versus Leon Draisaitl in neutral zone.
14:52 of 3rd period - Minor Penalty to Leon Draisaitl for Hooking.
14:53 of 3rd period - Alex Iafallo wins face-off versus Anders Lee in Pittsburgh Penguins zone.
15:00 of 3rd period - Slapshot by Anthony DeAngelo.
15:00 of 3rd period - Shot Misses the Net.
15:02 of 3rd period - Slapshot by Anthony DeAngelo.
15:02 of 3rd period - Shot Misses the Net.
15:04 of 3rd period - Slapshot by David Savard.
15:04 of 3rd period - Deflect By Anders Lee.
15:04 of 3rd period - Stopped by Mike Smith with a rebound.
15:25 of 3rd period - William Karlsson is hit by Pavel Buchnevich and loses puck.
16:22 of 3rd period - Ryan Suter is hit by David Savard and loses puck.
16:52 of 3rd period - Penalty to Leon Draisaitl is over, Leon Draisaitl is back on ice.
17:09 of 3rd period - Snap shot by Leon Draisaitl.
17:09 of 3rd period - Stopped by Marc-Andre Fleury with a rebound.
19:06 of 3rd period - Sam Reinhart is hit by Ryan Hartman and loses puck.
19:14 of 3rd period - Icing by Tobias Bjornfot.
19:15 of 3rd period - Leon Draisaitl wins face-off versus Ryan Hartman in San Jose Sharks zone.
19:22 of 3rd period - Snap shot by Sam Reinhart.
19:22 of 3rd period - Shot Misses the Net.
19:24 of 3rd period - Wrist shot by Sam Reinhart.
19:24 of 3rd period - Stopped by Marc-Andre Fleury without a rebound.
19:25 of 3rd period - Paul Maurice call a timeout for San Jose Sharks.
19:25 of 3rd period - Leon Draisaitl wins face-off versus Ryan Hartman in San Jose Sharks zone.
19:40 of 3rd period - Snap shot by Sam Reinhart.
19:40 of 3rd period - Shot Blocked by David Savard.
Goals for this period are 3 for Pittsburgh Penguins vs 0 for San Jose Sharks.
Shots for this period are 15 for Pittsburgh Penguins vs 6 for San Jose Sharks.
Back to the Top